 Dungeon Crawl Stone Soup version 0.31-a0-844-gdc52ec4e09 (webtiles) character file.

Game seed: 9213380539634058999

6208 Kurtz the Cleaver (level 10, -32/68 HPs)
             Began as an Octopode Fighter on Sept 30, 2023.
             Was an Elder of Okawaru.
             Killed from afar by an efreet (33 damage)
             ... with a bolt of fire
             ... in a Gauntlet.
             The game lasted 00:16:47 (12446 turns).

Kurtz the Cleaver (Octopode Fighter)               Turns: 12446, Time: 00:16:49

Health: -32/68     AC:  1    Str: 18    XL:     10   Next: 92%
Magic:  12/12      EV: 14    Int: 10    God:    Okawaru [****..]
Gold:   691        SH: 10    Dex: 14    Spells: 9/9 levels left

rFire   . . .        a - +0 war axe
rCold   . . .        I - +0 kite shield
rNeg    + . .        (helmet restricted)
rPois   .            r - amulet of magic regeneration
rElec   .            C - ring of see invisible
rCorr   .            x - ring of flight
SInv    +            t - ring of positive energy
Will    +....        f - ring of willpower
Stlth   +++++        (no ring)
HPRegen 0.31/turn    (no ring)
MPRegen 0.53/turn    (no ring)
                     (no ring)

%: no teleportation
@: on berserk cooldown, flying, slowed, very slow
A: almost no armour, amphibious, 8 rings, camouflage 1, gelatinous body 1,
(nimble swimmer 1), tentacles
a: Renounce Religion, Heroism, Finesse


You were in a Gauntlet.
You worshipped Okawaru.
Okawaru was greatly pleased with you.
You visited 2 branches of the dungeon, and saw 12 of its levels.
You also visited: Gauntlet.

You collected 691 gold pieces.

Inventory:

Hand Weapons
 a - a +0 war axe (weapon)
 q - the +9 whip of Valour {venom, rF+ Str+3 Int-4 Dex+3}
   (You found it on level 3 of the Dungeon)

   Str+3:     It affects your strength (+3).
   Int-4:     It affects your intelligence (-4).
   Dex+3:     It affects your dexterity (+3).
   rF+:       It protects you from fire.
Missiles
 e - 11 poisoned darts
 E - 5 boomerangs (quivered)
Armour
 I - a +0 kite shield (worn)
Jewellery
 f - a ring of willpower (on tentacle)
 o - a ring of ice
 r - an amulet of magic regeneration (around mantle)
 t - a ring of positive energy (on tentacle)
 x - a ring of flight (right tentacle)
 C - a ring of see invisible (left tentacle)
Wands
 G - a wand of polymorph (14)
 K - a wand of flame (5)
 M - a wand of mindburst (11)
Scrolls
 b - a scroll of enchant armour
 h - 2 scrolls of teleportation
 i - a scroll of silence {unknown}
 l - a scroll of noise {unknown}
 n - a scroll of fog {unknown}
 u - 2 scrolls of fear {unknown}
 w - a scroll of brand weapon {unknown}
 y - a scroll of blinking {unknown}
 A - a scroll of vulnerability {unknown}
 D - 2 scrolls of enchant weapon {unknown}
 F - 3 scrolls of immolation {unknown}
 J - a scroll of poison {unknown}
Potions
 c - 2 potions of might
 d - a potion of ambrosia
 g - 5 potions of heal wounds
 j - 2 potions of haste
 m - 2 potions of attraction
 p - 6 potions of curing {unknown}
 v - a potion of brilliance {unknown}
 z - a potion of mutation {unknown}
 B - 2 potions of resistance {unknown}
 H - a potion of degeneration {unknown}
 L - a potion of enlightenment {unknown}


   Skills:
 * Level 5.9 Fighting
 - Level 10.8 Axes
 * Level 5.9 Dodging
 - Level 8.4 Stealth
 + Level 7.5 Shields
 - Level 3.8 Invocations


You had 9 spell levels left.
You didn't know any spells.
Your spell library contained the following spells:

 Spells                   Type           Power      Damage    Failure   Level
 Foxfire                  Conj/Fire      0%         2x1d4     63%         1
 Magic Dart               Conj           0%         1d3       63%         1
 Blink                    Tloc           0%         N/A       77%         2
 Lesser Beckoning         Tloc           0%         N/A       77%         2
 Momentum Strike          Conj/Tloc      0%         3d8       77%         2
 Hailstorm                Conj/Ice       0%         3d3       94%         3
 Mephitic Cloud           Conj/Pois/Air  0%         N/A       94%         3
 Passage of Golubria      Tloc           0%         N/A       100%        4
 Yara's Violent Unravell  Hex/Tmut       0%         3d3       100%        5
 Plasma Beam              Fire/Air       0%         2x1d10    100%        6
 Starburst                Conj/Fire      0%         6d3       100%        6
 Call Imp                 Summ           Unusable   N/A       N/A         2
 Tukima's Dance           Hex            Unusable   N/A       N/A         3
 Summon Ice Beast         Ice/Summ       Unusable   N/A       N/A         4
 Simulacrum               Ice/Necr       Unusable   N/A       N/A         6

Dungeon Overview and Level Annotations

Branches:
Dungeon (11/15)            Temple (1/1) D:7            Lair (0/5) D:10
Gauntlet (1/1)
    Orc: D:9-12

Altars:
Ashenzari
Cheibriados
Dithmenos
Elyvilon
Fedhas
Gozag
Hepliaklqana
Kikubaaqudgha
Makhleb
Nemelex Xobeh
Okawaru
Qazlal
Ru
Sif Muna
Trog
Uskayaw
Vehumet
Wu Jian
Xom
Yredelemnul
Zin
The Shining One

Annotations:
D:5 3 runed translucent doors, exclusion: upstairs, Age's ghost, amateur MiHu
D:7 1 runed translucent door, Crazy Yiuf
D:8 exclusion: downstairs
D:10 3 runed translucent doors, Snorg; osoart's ghost, journeyman DsSh Gauntlet 13 transporters, exclusion: obsidian statue


Innate Abilities, Weirdness & Mutations

You cannot wear most types of armour.
You are amphibious.
You can wear up to eight rings at the same time.
Your skin changes colour to match your surroundings (Stealth+).
Your rubbery body absorbs attacks. (AC +1, EV +1)
((You are camouflaged when in or above water. (Stealth+)))
You have tentacles for arms and can constrict up to eight enemies at once.


Message History

You slash the fire elemental! The fire elemental hits you.
The fire elemental burns you! The hell hound misses you.
Unknown command.
You barely miss the efreet. You squeeze the efreet.
The efreet is lightly wounded.
You barely miss the fire elemental. You slash the hell hound!
The fire elemental barely misses you. You block the hell hound's attack.
Unknown command.
You slash the efreet! Your squeeze misses the efreet.
The efreet is moderately wounded.
You hit the hell hound.
You kill the hell hound!
Okawaru accepts your kill.
You hit the fire elemental. The efreet gestures at you.
The fireball explodes!
The fireball engulfs you!!
* * * LOW HITPOINT WARNING * * *
The fireball engulfs the efreet.
The efreet completely resists.
The fireball engulfs the fire elemental.
The fire elemental completely resists.
The fire elemental misses you.
You slash the efreet!
You squeeze the efreet, but do no damage.
The efreet is severely wounded.
You slash the fire elemental!
You destroy the fire elemental!
Okawaru accepts your kill.
The efreet hits you with a +4 scimitar of flaming!
* * * LOW HITPOINT WARNING * * *
The efreet burns you.
* * * LOW HITPOINT WARNING * * *
Unknown command.
Unknown command.
You hit the efreet. Your squeeze misses the efreet.
The efreet is severely wounded.
You are no longer berserk.
You are exhausted.
You feel yourself slow down. The efreet gestures at you.
The bolt of fire hits you!!
You die...

...#©...........©#...§§≈.....#©..
######################..§########
...!©$=..#≈#.[#.©.#)?#...#..$(©[.
.###8..#.#§##..#.#..##...#^#.....
.#...###.#§#.#..#..#.#...#.^#####
...###...#§#..#...#..#...#x.##^##
.###©..#.#8##..#.#..##...#....©.
.#...###.#§#.#..#..#.#...#..##^##
...###...#≈#..#.@.#..#...#X.#####
.###...#.#≈#..°#R#...#...#X#.....
.........#§#...°#....#...#xXxx...
######################...########
...#©...........©#.....§.....#©..
§..#######.#######....≈8≈....####
#........#.#...........≈.........
#........#.###########...########
#######..#.##........#...#5......


You could see an efreet.

Vanquished Creatures
  Joseph (D:7)
  A komodo dragon (D:10)
  A troll (D:11)
  A hornet (D:8)
  A raiju (Gauntlet)
  A wraith (D:10)
  9 yaks
  2 fire elementals (Gauntlet)
  3 steam dragons
  An acid dragon (D:10)
  A hell hound (Gauntlet)
  4 orc warriors
  A sky beast (D:6)
  2 centaurs
  3 gnoll sergeants
  2 bullfrogs (D:8)
  A scorpion (D:4)
  4 wights (D:9)
  12 killer bees
  3 howler monkeys (D:6)
  3 orc priests
  2 hounds
  2 jellies
  A sleepcap (D:4)
  3 iguanas (D:5)
  6 orc wizards
  15 gnolls
  6 adders
  2 shadow imps
  An ufetubus (D:6)
  3 worms
  2 dart slugs
  41 orcs
  7 ball pythons
  6 endoplasms
  3 giant cockroaches (D:1)
  5 goblins
  5 hobgoblins
  3 quokkas
  2 bats (D:2)
  13 frilled lizards
  5 kobolds
  5 rats
195 creatures vanquished.

Notes
Turn   | Place    | Note
-------+----------+-------------------------------------------
     0 | D:1      | Kurtz the Octopode Fighter began the quest for the Orb.
     0 | D:1      | Reached XP level 1. HP: 16/16 MP: 1/1
   128 | D:1      | Reached XP level 2. HP: 13/21 MP: 2/2
   356 | D:1      | Reached skill level 3 in Axes
   802 | D:2      | Reached XP level 3. HP: 26/26 MP: 3/3
  1133 | D:2      | Reached skill level 4 in Axes
  1464 | D:3      | Reached XP level 4. HP: 14/31 MP: 4/4
  1739 | D:3      | Identified the +9 whip of Valour {venom, rF+ Str+3 Int-4
                  | Dex+3}
  2189 | D:4      | Reached skill level 5 in Axes
  2194 | D:4      | Reached XP level 5. HP: 30/36 MP: 5/5
  2243 | D:4      | Noticed a yak
  2243 | D:4      | Noticed a yak
  2243 | D:4      | Noticed a yak
  2244 | D:4      | Noticed a yak
  2244 | D:4      | Noticed a yak
  2245 | D:4      | Noticed a yak
  2256 | D:5      | Entered Level 5 of the Dungeon
  2264 | D:5      | Killed a yak
  2265 | D:5      | Reached skill level 6 in Axes
  2265 | D:5      | Reached XP level 6. HP: 21/42 MP: 6/6
  2535 | D:5      | You fall into a shaft and drop 2 floors!
  2561 | D:7      | Found a burning altar of Makhleb.
  2635 | D:7      | Reached skill level 7 in Axes
  2720 | D:7      | Found an opulent altar of Gozag.
  2814 | D:7      | Reached XP level 7. HP: 42/46 MP: 7/7
  2850 | D:7      | Found a staircase to the Ecumenical Temple.
  2859 | Temple   | Entered the Ecumenical Temple
  2873 | Temple   | Became a worshipper of Warmaster Okawaru
  3016 | D:7      | Found a runed translucent door.
  3017 | D:7      | Noticed Crazy Yiuf
  3229 | D:7      | Noticed Joseph
  3974 | D:4      | Reached skill level 1 in Stealth
  4173 | D:4      | Reached skill level 8 in Axes
  4280 | D:4      | Killed a yak
  4280 | D:4      | Reached * piety under Okawaru
  4281 | D:4      | Reached skill level 1 in Invocations
  4281 | D:4      | Reached XP level 8. HP: 26/52 MP: 7/9
  4425 | D:4      | Killed a yak
  4467 | D:4      | Killed a yak
  4470 | D:4      | Killed a yak
  4471 | D:4      | Reached skill level 9 in Axes
  4477 | D:4      | Killed a yak
  4477 | D:4      | Reached ** piety under Okawaru
  5208 | D:5      | Found a runed translucent gate.
  5208 | D:5      | Found a runed translucent gate.
  5208 | D:5      | Found a runed translucent gate.
  5209 | D:5      | Noticed Age's ghost (amateur MiHu)
  5519 | D:6      | Reached skill level 5 in Stealth
  5835 | D:7      | Killed Joseph
  5836 | D:7      | Reached XP level 9. HP: 58/58 MP: 11/11
  6547 | D:8      | Noticed a hornet
  7027 | D:8      | Killed a hornet
  7027 | D:8      | Reached *** piety under Okawaru
  8120 | D:8      | Reached skill level 10 in Axes
  8307 | D:8      | Reached skill level 5 in Shields
  8373 | D:8      | Reached XP level 10. HP: 63/63 MP: 12/12
  8448 | D:8      | Found a stormy altar of Qazlal.
  8518 | D:8      | Found a white marble altar of Elyvilon.
  9057 | D:9      | Reached **** piety under Okawaru
  9842 | D:9      | Found an ornate altar of the Wu Jian Council.
 10315 | D:10     | Entered Level 10 of the Dungeon
 10380 | D:10     | Found a staircase to the Lair.
 10466 | D:10     | Reached skill level 5 in Dodging
 10671 | D:10     | Noticed osoart's ghost (journeyman DsSh)
 10698 | D:10     | Found a runed translucent gate.
 10698 | D:10     | Found a runed translucent gate.
 10698 | D:10     | Found a runed translucent gate.
 10770 | D:10     | Reached skill level 5 in Fighting
 10979 | D:10     | Noticed Snorg
 11873 | D:11     | Found a gate leading to a gauntlet.
 11885 | Gauntlet | Entered a Gauntlet
 11885 | Gauntlet | Found a transporter.
 11885 | Gauntlet | Found a transporter.
 11889 | Gauntlet | Found a transporter.
 11889 | Gauntlet | Found a transporter.
 11901 | Gauntlet | Found a transporter.
 11908 | Gauntlet | Noticed a death scarab
 11909 | Gauntlet | Found a transporter.
 11909 | Gauntlet | Found a transporter.
 11910 | Gauntlet | Noticed a death scarab
 11914 | Gauntlet | Noticed a hell hog
 11914 | Gauntlet | Noticed a spectral boulder beetle
 11933 | Gauntlet | Found a transporter.
 11940 | Gauntlet | Found a transporter.
 11952 | Gauntlet | Found a transporter.
 11970 | Gauntlet | Found a transporter.
 11992 | Gauntlet | Found a transporter.
 12037 | Gauntlet | Found a transporter.
 12059 | Gauntlet | Found a transporter.
 12153 | Gauntlet | Found a transporter.
 12168 | Gauntlet | Noticed an obsidian statue
 12173 | Gauntlet | Found a transporter.
 12445 | Gauntlet | HP: 5/102 [efreet/+4 scimitar of flaming (8)]
 12445 | Gauntlet | HP: 1/102 [efreet/+4 scimitar of flaming (4)]
 12446 | Gauntlet | Killed from afar by an efreet

Illustrated notes

Levels and vault maps discovered:
D:1:      evilmike_arrival_plus, layout_rooms, serial_glass, glass_columns_a,
          glass_columns_a, glass_columns_c, glass_columns_a, glass_columns_b,
          glass_columns_c, item_on_display_a, due_unseen_surprise,
          item_on_display_b
D:2:      layout_basic, minmay_strange_pillars, minmay_misc_feat_diagonals,
          minivault_11
D:3:      layout_basic
D:4:      layout_layer_cave, dreamdust_princess_corridor,
          hangedman_decor_slide_cut, solitary_fountain
D:5:      layout_basic, biasface_ghost_orc_armoury, minmay_lizard_king
D:6:      layout_loops_ring
D:7:      lemuel_ice_spiral_2, layout_basic, nicolae_overflow_hidden_temple,
          minmay_temple_entry_large_hall, dk_noncrumbling_4, uniq_joseph,
          uniq_crazy_yiuf_cottage
D:8:      layout_rooms, nicolae_qazlal_style_of_elements, elyvilon_altar_5
D:9:      layout_irregular_city, nicolae_wu_jian_immortal_techniques
D:10:     layout_stronghold, david_lair_shrubbed, gammafunk_ghost_icy,
          uniq_snorg
D:11:     layout_gridville, gauntlet_entry_generic, uniq_sonja, uniq_grum
Temple:   sentei_temple_godly_chess
Gauntlet: gammafunk_gauntlet_branching [gammafunk_gauntlet_arena_spirals,
          gammafunk_gauntlet_arena_corners, nicolae_gauntlet_arena_grate_2,
          gammafunk_gauntlet_arena_arrow_garden, nicolae_gauntlet_arena_blocks,
          gammafunk_gauntlet_arena_split_x,
          gammafunk_gauntlet_arena_split_diamond,
          gammafunk_gauntlet_arena_hedges, gauntlet_exit_watery]

Skill      XL: |  1  2  3  4  5  6  7  8  9 10 |
---------------+-------------------------------+-----
Axes           | 3 4 5 6 7 8 9 10 | 10.8
Stealth        | 2 6 8 |  8.4
Invocations    | 1 3 |  3.8
Dodging        | 4 5 |  5.9
Fighting       | 4 5 |  5.9
Shields        | 5 7 |  7.5

Action                     |  1- 3 |  4- 6 |  7- 9 | 10-12 || total
---------------------------+-------+-------+-------+-------++-------
  Melee: War axe           |    58 |     5 |       |    14 ||    77
         Constrict         |     9 |    11 |    37 |    23 ||    80
         Punch             |     1 |       |     2 |       ||     3
         Tentacles         |     9 |    12 |    39 |    35 ||    95
         Whip              |       |    45 |   196 |   128 ||   369
  Throw: Dart              |       |     1 |    15 |     3 ||    19
         Throwing net      |       |       |     2 |     1 ||     3
         Boomerang         |       |       |       |    10 ||    10
 Invoke: Heroism           |       |       |     3 |     3 ||     6
  Evoke: Wand              |       |       |     5 |     9 ||    14
    Use: Potion            |       |     1 |     2 |     2 ||     5
         Scroll            |       |       |       |     5 ||     5
   Stab: Sleeping          |    12 |     6 |    10 |     3 ||    31
         Distracted        |     1 |       |     5 |     1 ||     7
         Held in net/web   |       |       |       |     1 ||     1
 Armour: Skin              |    27 |    21 |    67 |   105 ||   220
  Dodge: Dodged            |    26 |    22 |    57 |    62 ||   167
  Block: Buckler           |    12 |     6 |    31 |    24 ||    73
         Kite shield       |       |       |       |    22 ||    22

Table legend: (Time is in decaauts)
 A = Elapsed time spent in this place.
 B = Non-inter-level travel time spent in this place.
 C = Inter-level travel time spent in this place.
 D = Time resting spent in this place.
 E = Time spent auto-exploring this place.
 F = Levels seen in this place.
 G = Mean time per level.
                   A        B        C        D        E       F      G
               +--------+--------+--------+--------+--------+-----+--------+
         Total |  12435 |  11737 |    698 |   2762 |   6768 |  13 |  956.5 |
       Dungeon |  11865 |  11171 |    694 |   2754 |   6480 |  11 | 1078.6 |
        Temple |     18 |     14 |      4 |      0 |      0 |   1 |   18.0 |
      Gauntlet |    551 |    551 |      0 |      8 |    288 |   1 |  551.0 |
               +--------+--------+--------+--------+--------+-----+--------+

Top non-repeatable levels by time:
     D:7: 2314 daAuts
    D:10: 1568 daAuts
     D:9: 1328 daAuts
     D:4: 1234 daAuts
     D:8: 1195 daAuts
     D:5: 997 daAuts
     D:6: 913 daAuts
     D:3: 893 daAuts
     D:2: 746 daAuts
     D:1: 662 daAuts
Gauntlet: 551 daAuts
  Temple: 18 daAuts
    D:11: 11 daAuts
